 Dungeon Crawl Stone Soup version 0.23-a0-137-gef0ad6d (webtiles) character file.

5518 GroovyGamera the Cleaver (level 10, 0/94 HPs)
             Began as a Hill Orc Fighter on Aug 29, 2018.
             Was a Priest of Beogh.
             Slain by a yak (8 damage)
             ... on level 10 of the Dungeon.
             The game lasted 00:23:33 (9641 turns).

GroovyGamera the Cleaver (Hill Orc Fighter)         Turns: 9641, Time: 00:23:34

Health: 0/94       AC: 13    Str: 23    XL:     10   Next: 70%
Magic:  16/16      EV:  5    Int:  8    God:    Beogh [***...]
Gold:   335        SH: 13    Dex: 10    Spells: 9/9 levels left

rFire    . . .     SeeInvis .   G - +1 long sword (flame)
rCold    + . .     Gourm    .   c - +1 shield
rNeg     . . .     Faith    .   J - +0 plate armour {rC+}
rPois    .         Spirit   .   (no helmet)
rElec    .         Reflect  .   I - +0 cloak
rCorr    .         Harm     .   (no gloves)
MR       +....                  (no boots)
Stlth    ..........             (no amulet)
HPRegen  0.25/turn              e - +3 ring of slaying
MPRegen  0.15/turn              t - ring of protection from magic

@: about to teleport
A: no striking features
a: Smiting, Renounce Religion


You were on level 10 of the Dungeon.
You worshipped Beogh.
Beogh was most pleased with you.
You were not hungry.

You visited 1 branch of the dungeon, and saw 10 of its levels.
You also visited: Sewer and Ossuary.

You collected 485 gold pieces.
You spent 150 gold pieces at shops.

Inventory:

Hand Weapons
 y - the +2 hand axe "Duadoitz" {chop, Dex+5}
   (You found it on level 6 of the Dungeon)

   It inflicts extra damage upon your enemies.
   It affects your dexterity (+5).
 G - a +1 long sword of flaming (weapon)
 H - a +0 battleaxe
Missiles
 E - 8 javelins (quivered)
Armour
 c - a +1 shield (worn)
 I - a +0 cloak (worn)
 J - a +0 plate armour of cold resistance (worn)
Jewellery
 e - a +3 ring of slaying (left hand)
 l - an uncursed ring of positive energy
 t - a ring of protection from magic (right hand)
Wands
 q - a wand of disintegration (16)
 v - a wand of flame (42)
 K - a wand of iceblast (8)
Scrolls
 a - 4 scrolls of amnesia
 b - a scroll of acquirement {unknown}
 g - 2 scrolls of enchant weapon
 h - 2 scrolls of enchant armour
 i - 4 scrolls of fog
 j - 4 scrolls of remove curse
 k - a scroll of fear
 n - 4 scrolls of identify
 r - 2 scrolls of teleportation
 w - a scroll of random uselessness {unknown}
 C - a scroll of magic mapping
 F - a scroll of noise {unknown}
Potions
 d - 2 potions of might
 m - a potion of cancellation {unknown}
 o - 4 potions of magic
 p - 6 potions of mutation
 s - 3 potions of brilliance {unknown}
 u - a potion of haste {unknown}
 x - 3 potions of heal wounds
 z - 3 potions of flight {unknown}
 A - 5 potions of curing
 B - 4 potions of degeneration {unknown}
 D - 3 potions of agility
Comestibles
 f - 15 rations


   Skills:
 + Level 10.3 Fighting
 + Level 10.8 Axes
 - Level 4.2 Armour
 + Level 9.6 Shields
 - Level 8.1 Invocations


You had 9 spell levels left.
You didn't know any spells.
Your spell library was empty.

Dungeon Overview and Level Annotations

Branches:
Dungeon (10/15)            Temple (0/1) D:6            Lair (0/6) D:9
    Orc (0/2) D:9

Altars:
Ashenzari
Cheibriados
Gozag
Okawaru
Ru
Sif Muna
Trog
The Shining One

Shops:
D:4 ?[!   D:6 ?!   D:8 !

Annotations:
D:7 Prince Ribbit


Message History

The yak gores you.
The yak gores your orc priest but does no damage.
Okay, then.
You slash the yak! You burn the yak.
The yak is almost dead.
The yak gores you!
* * * LOW HITPOINT WARNING * * *
You block the yak's attack. The yak closely misses you.
You block the yak's attack.
Your orc priest begins to cast a cantrip, but forgets the words!
You barely miss the yak.
The yak is almost dead.
You block the yak's attack. x2; The yak gores you but does no damage.
The yak barely misses you.
You riposte.
You hit the yak. You burn the yak.
You kill the yak!
Beogh accepts your kill. The yak gores your orc priest!
The phantom blinks!
The yak gores you!
* * * LOW HITPOINT WARNING * * *
The yak gores you!
You die...

..## ..## #..# ##..#
###...### #.......# #
##.##.##.#
#.###..#..##.#######
#.Y@Y..#.###.....##.
###Yo#...##....)....
#Y#...##..........
..W#.#.............
.Y####.####..........
#. ..# #.......... ..
#.## #.......... # ..
#.......... .##
##.........


You could see 4 yaks, a phantom and a friendly orc priest.

Vanquished Creatures
  A deep elf mage (D:8)
  Joseph (D:8)
  A hornet (D:10)
  3 yaks (D:10)
  A human (D:8)
  A water moccasin (D:9)
  3 porcupines (D:9)
  Duvessa (D:4)
  3 orc warriors
  A black bear (D:7)
  2 ice beasts
  2 phantoms
  3 centaurs
  3 big kobolds
  A crocodile (D:9)
  A bullfrog (D:9)
  2 elf zombies (Ossuary)
  Dowan (D:4)
  3 scorpions
  2 vampire bats (D:4)
  A howler monkey (D:4)
  A crimson imp (D:6)
  A bullfrog zombie (D:9)
  7 human zombies (Ossuary)
  4 hounds
  5 centaur zombies
  5 orc priests
  10 orc wizards
  2 centaur skeletons
  Ijyb (D:3)
  3 worker ants
  A hound zombie (D:8)
  4 mummies
  6 gnolls
  8 adders
  A river rat (D:4)
  A shadow imp (D:9)
  An ooze (D:2)
  An adder zombie (D:8)
  5 worms
  6 leopard geckos
  25 orcs
  4 ball pythons
  10 bats
  5 giant cockroaches
  6 goblins
  8 hobgoblins
  A jackal (Sewer)
  4 quokkas
  2 frilled lizards
  19 kobolds
  A leopard gecko skeleton (D:4)
  7 rats
202 creatures vanquished.

Vanquished Creatures (collateral kills)
  A yak (D:10)
  An adder (D:9)
  A quokka (D:10)
  A quokka zombie (D:9)
  2 fungi (D:9)
6 creatures vanquished.

Vanquished Creatures (others)
  An orc priest (D:3)
  An orc wizard (D:9)
  An orc (D:10)
3 creatures vanquished.

Grand Total: 211 creatures vanquished

Notes
Turn   | Place    | Note
-------+----------+-------------------------------------------
     0 | D:1      | GroovyGamera the Hill Orc Fighter began the quest for the
                  | Orb.
     0 | D:1      | Reached XP level 1. HP: 19/19 MP: 1/1
   364 | D:1      | Reached XP level 2. HP: 27/27 MP: 2/2
   596 | D:2      | Reached XP level 3. HP: 28/33 MP: 3/3
   899 | D:2      | Reached XP level 4. HP: 11/40 MP: 4/4
  1562 | D:3      | Became a worshipper of Beogh the Brigand
  1592 | D:3      | Reached XP level 5. HP: 28/47 MP: 5/5
  1829 | D:3      | Found an iron altar of Okawaru.
  2015 | D:3      | Noticed Ijyb
  2040 | D:3      | Killed Ijyb
  2551 | D:4      | Found a sacrificial altar of Ru.
  2551 | D:4      | Found a shattered altar of Ashenzari.
  2556 | D:4      | Found an opulent altar of Gozag.
  2558 | D:4      | Found an iron altar of Okawaru.
  2559 | D:4      | Found a glowing golden altar of the Shining One.
  2587 | D:4      | Noticed Duvessa
  2588 | D:4      | Found Coloaneo's Armour Shoppe.
  2591 | D:4      | Noticed Dowan
  2597 | D:4      | Found Emoff's Distillery.
  2601 | D:4      | Killed Duvessa
  2601 | D:4      | Reached skill level 5 in Fighting
  2601 | D:4      | Reached XP level 6. HP: 33/56 MP: 5/7
  2617 | D:4      | Killed Dowan
  2656 | D:4      | Bought a potion of heal wounds for 60 gold pieces
  2817 | D:4      | Reached skill level 5 in Axes
  2840 | D:4      | Reached skill level 5 in Shields
  2902 | D:4      | Found a glowing drain.
  2918 | Sewer    | Entered a sewer
  2926 | Sewer    | Reached * piety under Beogh
  2994 | Sewer    | Reached XP level 7. HP: 61/61 MP: 9/9
  3012 | Sewer    | Found a white marble altar of Elyvilon.
  3174 | D:4      | Found Plog's Magic Scroll Shop.
  3195 | D:4      | Bought a scroll of enchant weapon for 90 gold pieces
  3692 | D:5      | Entered Level 5 of the Dungeon
  4504 | D:5      | Reached XP level 8. HP: 32/71 MP: 11/11
  4885 | D:6      | Found a sacrificial altar of Ru.
  5041 | D:6      | Found Yrete's Distillery.
  5079 | D:6      | Found Deustruma's Magic Scroll Shoppe.
  5268 | D:6      | Reached skill level 5 in Invocations
  5281 | D:6      | Got a crude hand axe
  5282 | D:6      | Identified the cursed +2 hand axe "Duadoitz" {chop, Dex+5}
                  | (You found it on level 6 of the Dungeon)
  5363 | D:6      | Found a deep blue altar of Sif Muna.
  5363 | D:6      | Found a bloodstained altar of Trog.
  5427 | D:6      | Found a staircase to the Ecumenical Temple.
  5617 | D:7      | Found a sand-covered staircase.
  5629 | Ossuary  | Entered an ossuary
  5726 | Ossuary  | Reached ** piety under Beogh
  5898 | Ossuary  | Reached XP level 9. HP: 56/79 MP: 13/13
  5980 | D:7      | Noticed Prince Ribbit
  7187 | D:8      | Reached *** piety under Beogh
  7209 | D:8      | Noticed a deep elf mage
  7221 | D:8      | Killed a deep elf mage
  7652 | D:8      | Found Unaowao's Distillery.
  7652 | D:8      | Noticed Joseph
  7680 | D:8      | Killed Joseph
  7680 | D:8      | Reached XP level 10. HP: 29/91 MP: 16/16
  8362 | D:9      | Reached skill level 10 in Axes
  8988 | D:9      | Reached skill level 10 in Fighting
  9047 | D:9      | Found a snail-covered altar of Cheibriados.
  9177 | D:9      | Found a staircase to the Orcish Mines.
  9304 | D:9      | Found a staircase to the Lair.
  9450 | D:10     | Entered Level 10 of the Dungeon
  9641 | D:10     | Slain by a yak

Vault maps used:
D:1:      onia_arrival_pentagram
D:3:      first_ration, serial_forest, infiniplex_forest_fountain,
          infiniplex_forest_lined_room_3, infiniplex_forest_clump_diagonal,
          infiniplex_forest_end_double, minmay_misc_feat_enclosed,
          okawaru_gym_becter, uniq_ijyb
D:4:      chequers_temple_overflow_minitemple, cheibrodos_sewer_entry_sluice,
          serial_shops, shop, nicolae_shop_stone, shop_coins,
          skrybe_limestone_x, st_stairs_3, roderic_batcave, minmay_misc_feat_x,
          uniq_duvessa
D:6:      chequers_temple_overflow_statue_of_worship,
          minmay_temple_entry_poolview, serial_shops, shop, shop_statue,
          nicolae_ru_great_annihilating_truth
D:7:      gup_ossuary_entry_pyramid, uniq_prince_ribbit1
D:8:      serial_shops, shop, grunt_pizzeria, guppyfry_early_elven_hall,
          uniq_joseph
D:9:      grunt_lair_entry_orc_guard_hut, orc_0_dummy, chei_slow_surprise
Sewer:    sewer_kobolds
Ossuary:  ossuary_minmay_four_chambers

Skill      XL: |  1  2  3  4  5  6  7  8  9 10 |
---------------+-------------------------------+-----
Axes           | 3 4 5 6 7 9 10 | 10.8
Fighting       | 4 5 6 7 9 10 | 10.3
Shields        | 4 5 6 8 9 |  9.6
Armour         | 4 |  4.2
Invocations    | 2 3 4 6 8 |  8.1

Action                   |  1- 3 |  4- 6 |  7- 9 | 10-12 || total
-------------------------+-------+-------+-------+-------++-------
Melee: War axe           |    62 |   157 |       |       ||   219
       Whip              |       |       |    54 |       ||    54
       Dagger            |       |       |    13 |       ||    13
       Hand axe          |       |       |   186 |       ||   186
       Battleaxe         |       |       |    42 |       ||    42
       Long sword        |       |       |    63 |   173 ||   236
Invok: Convert to Beogh  |       |     1 |       |       ||     1
       Smiting           |       |       |     1 |       ||     1
  Use: Scroll            |     1 |     4 |     9 |     1 ||    15
       Potion            |       |     2 |       |     1 ||     3
 Stab: Invisible         |       |       |     1 |       ||     1
       Distracted        |       |       |       |     1 ||     1
  Eat: Chunk             |       |     7 |     8 |     2 ||    17
       Ration            |       |       |     2 |     2 ||     4
Armor: Scale mail        |    35 |    68 |    15 |       ||   118
       Plate armour      |       |       |   126 |   101 ||   227
Dodge: Dodged            |    25 |    41 |    51 |    36 ||   153
Block: Shield            |    39 |    96 |   165 |   139 ||   439
       Rpst.: Long sword |       |       |     1 |    15 ||    16

Table legend:
 A = Non-vault XP
 B = Vault XP
 C = Vault XP percentage of total XP
 D = Non-vault monster count
 E = Vault monster count
 F = Vault count percentage of total count
                 A         B        C        D         E       F
            +---------+---------+-------+---------+---------+-------
      Total |    4716 |    3168 |  40.2 |     149 |      57 |  27.7
            +---------+---------+-------+---------+---------+-------
        D:1 |      14 |       0 |   0.0 |       8 |       0 |   0.0
        D:2 |     125 |       0 |   0.0 |      21 |       0 |   0.0
        D:3 |      72 |      21 |  22.6 |      15 |       1 |   6.2
        D:4 |     128 |     413 |  76.3 |       5 |      17 |  77.3
        D:5 |     294 |       0 |   0.0 |       5 |       0 |   0.0
        D:6 |     448 |      44 |   8.9 |      15 |       4 |  21.1
        D:7 |     510 |      18 |   3.4 |      17 |       1 |   5.6
        D:8 |     917 |    1219 |  57.1 |      31 |       3 |   8.8
        D:9 |    1289 |     662 |  33.9 |      25 |       6 |  19.4
       D:10 |     919 |       0 |   0.0 |       7 |       0 |   0.0
      Sewer |       0 |     115 | 100.0 |       0 |      10 | 100.0
    Ossuary |       0 |     676 | 100.0 |       0 |      15 | 100.0
            +---------+---------+-------+---------+---------+-------
